 Dungeon Crawl Stone Soup version 0.32-a0-791-gfc315c9ecd (webtiles) character file.

Game seed: 2239217001042802233

64 Xavori the Trooper (level 4, -6/24 (31) HPs)
             Began as a Djinni Chaos Knight on Mar 21, 2024.
             Was a Plaything of Xom.
             Mangled by a gnoll
             ... wielding a +0 halberd
              (12 damage)
             ... on level 3 of the Dungeon.
             The game lasted 00:01:32 (9386 turns).

Xavori the Trooper (Djinni Chaos Knight)            Turns: 9386, Time: 00:01:33

HP:   -6/24 (31)    AC:  5    Str:  8 (10) XL:     4   Next: 32%
Gold: 88            EV: 11    Int: 13      God:    Xom [.*....] SH:  0 Dex: 20

rFire   + + .        a - +0 falchion (chaos)
rCold   x . .        (no shield)
rNeg    . . .        b - +2 leather armour
rPois   ∞            (helmet restricted)
rElec   .            (no cloak)
rCorr   .            (no gloves)
SInv    .            (boots unavailable)
Will    .....        (no amulet)
Stlth   ++           (no ring)
HPRegen 1.04/turn    (no ring)
MPRegen 0.00/turn

%: infuse magic (-7 HP)
@: flying, heavily drained
A: sickness immunity, fire resistance 2, cold vulnerability 1, float, innate
caster, HP casting, extra vitality 1, antennae 1, thin skeletal structure 1,
agile 1, frail 1, regeneration 1
a: Renounce Religion


You were on level 3 of the Dungeon.
You worshipped Xom.
You were a plaything of Xom.
You visited 1 branch of the dungeon, and saw 3 of its levels.

You collected 88 gold pieces.

Inventory:

Hand Weapons
 a - a +0 falchion of chaos (weapon)
Armour
 b - a +2 leather armour (worn)
Scrolls
 c - a scroll of butterflies
 d - a scroll of brand weapon {unknown}
 e - 3 scrolls of teleportation {unknown}
 g - a scroll of vulnerability {unknown}
 h - 2 scrolls of silence {unknown}
 i - a scroll of enchant armour {unknown}
 j - a scroll of poison {unknown}
Potions
 f - 2 potions of mutation {unknown}
 k - a potion of ambrosia {unknown}
 l - a potion of resistance {unknown}


   Skills:
 + Level 3.3 Fighting
 + Level 3.0 Long Blades
 + Level 1.6 Armour
 + Level 2.7 Dodging
 * Level 1.4 Spellcasting
 * Level 1.4 Conjurations
 * Level 1.4 Hexes
   Level 0.0 Charms
 * Level 1.4 Summonings
 * Level 1.4 Necromancy
 * Level 1.4 Translocations
   Level 0.0 Transmutations
 * Level 1.4 Fire Magic
 * Level 1.4 Ice Magic
 * Level 1.4 Air Magic
 * Level 1.4 Earth Magic
 * Level 1.4 Alchemy


You knew the following spells:

 Your Spells              Type           Power      Damage    Failure   Level
a - Slow                  Hex            16%        N/A       22%         1
Your spell library was empty.

Dungeon Overview and Level Annotations

Branches:
Dungeon (3/15)

Altars:

Shops:
D:2 ==*


Innate Abilities, Weirdness & Mutations

You are immune to sickness and miasma.
You are immune to poison.
Your flesh is very heat resistant. (rF++)
You are vulnerable to cold. (rC-)
You float through the air rather than walking.
You learn spells naturally, not from books.
Your magical power is your life essence.
You have superior vitality. (+4 MHP)
You have a pair of small antennae on your head.
You have a somewhat thin skeletal structure. (Dex +2, Stealth+)
You are agile. (Dex +4, Str/Int -1)
You are frail. (-10% HP)
Your natural rate of healing is unusually fast.


Message History

No target in view!
k - a sapphire potion No target in view!
l - a smoky silvery potion No target in view!
Found a stone staircase leading down.
No target in view!
A gnoll comes into view. It is wielding a +0 whip.
Found a scroll labelled RARYDD IG YRA.
A gnoll is nearby!
The gnoll shouts!
A gnoll comes into view. It is wielding a +0 halberd.
There are monsters nearby!
The gnoll shouts!
You hit the gnoll. You burn the gnoll.
The gnoll is lightly wounded.
You hear a shout! x2
The gnoll hits you with a +0 whip.
You barely miss the gnoll.
The gnoll is lightly wounded.
The gnoll hits you with a +0 whip. The gnoll barely misses you.
The gnoll closely misses you. The gnoll barely misses you.
You closely miss the gnoll.
The gnoll is lightly wounded.
The gnoll hits you with a +0 whip. The gnoll barely misses you.
A gnoll comes into view. It is wielding a +0 halberd.
You hit the gnoll. You burn the gnoll.
The gnoll is moderately wounded.
The gnoll hits you with a +0 whip.
The gnoll hits you from afar with a +0 halberd!
* * * LOW HITPOINT WARNING * * *
You are too injured to fight recklessly!
You are too injured to fight recklessly!
You are too injured to fight recklessly!
You hit the gnoll.
The gnoll is moderately wounded.
The gnoll hits you from afar with a +0 halberd!
Ouch! That really hurt!
You die...
Xom chortles!

### #g. #g# #g# #@# #.#
#.# #####.# ### .#
#.....# ... #.# #.#####
#.. ... #.###.#######.#.#
#.# .# #.............#.#
##.##.#
#####.#########.###..)#.#


You could see 3 gnolls.

Vanquished Creatures
  A dart slug (D:1)
  5 orcs (D:3)
  3 ball pythons
  5 bats
  4 endoplasms
  4 giant cockroaches (D:1)
  3 goblins (D:1)
  6 hobgoblins
  4 jackals (D:1)
  2 quokkas
  3 frilled lizards
  4 kobolds (D:1)
  4 rats
48 creatures vanquished.

Vanquished Creatures (others)
  A rat zombie (D:1)
1 creature vanquished.

Grand Total: 49 creatures vanquished

Notes
Turn   | Place    | Note
-------+----------+-------------------------------------------
     0 | D:1      | Xavori the Djinni Chaos Knight began the quest for the Orb.
     0 | D:1      | Reached XP level 1. HP: 20/20 MP: 0/0
    64 | D:1      | Reached XP level 2. HP: 21/25 MP: 0/0
   200 | D:1      | XOM: silly message
   315 | D:1      | Reached XP level 3. HP: 30/30 MP: 0/0
   315 | D:1      | Learned a level 1 spell: Slow
   346 | D:1      | XOM: silly message
   367 | D:1      | Reached skill level 1 in Spellcasting
   367 | D:1      | Reached skill level 1 in Conjurations
   367 | D:1      | Reached skill level 1 in Hexes
   367 | D:1      | Reached skill level 1 in Summonings
   367 | D:1      | Reached skill level 1 in Necromancy
   367 | D:1      | Reached skill level 1 in Translocations
   367 | D:1      | Reached skill level 1 in Fire Magic
   367 | D:1      | Reached skill level 1 in Ice Magic
   367 | D:1      | Reached skill level 1 in Air Magic
   367 | D:1      | Reached skill level 1 in Earth Magic
   367 | D:1      | Reached skill level 1 in Alchemy
   560 | D:1      | XOM: silly message
   613 | D:1      | XOM: silly message
  1264 | D:1      | XOM: cloud trail
  2354 | D:1      | XOM: silly message
  2691 | D:1      | XOM: silly message
  2831 | D:1      | XOM: silly message
  3133 | D:1      | XOM: scenery: summon butterflies
  3787 | D:1      | XOM: cloud trail
  3894 | D:1      | XOM: silly message
  4185 | D:1      | XOM: god gift: 4 atropa-tipped darts
  4256 | D:1      | XOM: give mutation
  4798 | D:1      | XOM: give mutations
  4798 | D:1      | Gained mutation: Your body sometimes deteriorates upon
                  | taking damage. [Xom's mischief]
  4798 | D:1      | Gained mutation: You possess an exceptional clarity of
                  | mind. [Xom's mischief]
  4798 | D:1      | Gained mutation: You are frail. (-10% HP) [Xom's mischief]
  5043 | D:1      | XOM is BORED!
  5043 | D:1      | XOM: stat loss: -2 Str (9/11)
  6186 | D:1      | XOM: draining
  6365 | D:1      | XOM: give mutations
  6365 | D:1      | Lost mutation: Your body sometimes deteriorates upon taking
                  | damage. [Xom's mischief]
  6365 | D:1      | Gained mutation: You are dopey. (Int -2) [Xom's mischief]
  6365 | D:1      | Gained mutation: You have a pair of small antennae on your
                  | head. [Xom's mischief]
  6365 | D:1      | Gained mutation: Your natural rate of healing is unusually
                  | fast. [Xom's mischief]
  6822 | D:1      | XOM: give mutations
  6822 | D:1      | Lost mutation: You possess an exceptional clarity of mind.
                  | [Xom's mischief]
  6822 | D:1      | Gained mutation: You have a somewhat thin skeletal
                  | structure. (Dex +2, Stealth+) [Xom's mischief]
  6822 | D:1      | Lost mutation: You are dopey. (Int -2) [Xom's mischief]
  6886 | D:1      | XOM: draining
  7381 | D:1      | XOM: divination: detect creatures
  7574 | D:1      | XOM: silly message
  7838 | D:1      | XOM: silly message
  7915 | D:1      | XOM is BORED!
  8129 | D:1      | XOM: give mutation
  8129 | D:1      | Gained mutation: You are agile. (Dex +4, Str/Int -1) [Xom's
                  | mischief]
  8701 | D:2      | Found Gariodaw's Jewellery Boutique.
  8987 | D:2      | Found Hepeh's Assorted Antiques.
  9149 | D:2      | Reached XP level 4. HP: 22/22 MP: 0/0
  9164 | D:2      | Found Jeckopn's Jewellery Shop.
  9295 | D:3      | XOM: confusion
  9307 | D:3      | XOM: butterfly on damage
  9386 | D:3      | Mangled by a gnoll

Illustrated notes

Levels and vault maps discovered:
D:1:      denvon_arrival_waterhouse, layout_loops_ring
D:2:      layout_basic, serial_shops, nicolae_shop_tiny_statue_garden,
          nicolae_shop_back_alley_shop, shop, chequers_serial_rivers_micro_a
D:3:      layout_loops_ring, dreamdust_ecumenical_altar_angels_and_demons

Skill      XL: |  1  2  3 |
---------------+----------+-----
Spellcasting   | 1 |  1.4
Conjurations   | 1 |  1.4
Hexes          | 1 |  1.4
Summonings     | 1 |  1.4
Necromancy     | 1 |  1.4
Translocations | 1 |  1.4
Fire Magic     | 1 |  1.4
Ice Magic      | 1 |  1.4
Air Magic      | 1 |  1.4
Earth Magic    | 1 |  1.4
Alchemy        | 1 |  1.4
Long Blades    | 3 |  3.0
Fighting       | |  3.3
Armour         | |  1.6
Dodging        | |  2.7

Action                     |  1- 3 |  4- 6 || total
---------------------------+-------+-------++-------
  Melee: Falchion          |   100 |    23 ||   123
   Stab: Confused          |     1 |       ||     1
         Sleeping          |     1 |       ||     1
         Distracted        |       |     1 ||     1
 Armour: Leather armour    |    54 |    14 ||    68
  Dodge: Dodged            |    65 |    10 ||    75

Table legend: (Time is in decaauts)
 A = Elapsed time spent in this place.
 B = Non-inter-level travel time spent in this place.
 C = Inter-level travel time spent in this place.
 D = Time resting spent in this place.
 E = Time spent auto-exploring this place.
 F = Levels seen in this place.
 G = Mean time per level.
                   A        B        C        D        E       F      G
               +--------+--------+--------+--------+--------+-----+--------+
         Total |   9405 |   9366 |     39 |   7690 |   1388 |   3 | 3135.0 |
       Dungeon |   9405 |   9366 |     39 |   7690 |   1388 |   3 | 3135.0 |
               +--------+--------+--------+--------+--------+-----+--------+

Top non-repeatable levels by time:
     D:1: 8643 daAuts
     D:2: 608 daAuts
     D:3: 153 daAuts
